 Dungeon Crawl Stone Soup version 0.20.1-1-g8b1a95d (webtiles) character file.

33325 Klein the Thaumaturge (level 13, -12/64 (66) HPs)
             Began as a Spriggan Enchanter on Nov 4, 2017.
             Was a High Priest of Ashenzari.
             Killed from afar by a manticore (19 damage)
             ... with a volley of spikes
             ... on level 14 of the Dungeon.
             The game lasted 01:07:38 (21075 turns).

Klein the Thaumaturge (Spriggan Enchanter)         Turns: 21075, Time: 01:07:39

HP:   -12/64 (66)   AC:  3    Str:  7    XL:     13   Next: 36%
MP:   21/32         EV: 28    Int: 24    God:    Ashenzari [*****.]
Gold: 642           SH:  0    Dex: 17    Spells: 7/40 levels left

rFire    . . .     SeeInvis +   r - +0 dagger (venom) (curse)
rCold    . . .     Gourm    .   (shield restricted)
rNeg     . . .     Faith    +   b - +0 robe
rPois    .         Spirit   .   (helmet restricted)
rElec    .         Reflect  .   D - +0 cloak
rCorr    .         Harm     .   (gloves unavailable)
MR       ++...     Clarity  +   (boots unavailable)
Stlth    ++++++....             E - amulet of faith (curse)
Regen    0.2/turn               t - +3 ring of strength (curse)
MPRegen  0.3/turn               L - +3 ring of intelligence (curse)

@: barbed spikes, very quick
A: unfitting armour, see invisible, herbivore 3, speed 3, slow metabolism 2
a: Curse Item, Scrying, Transfer Knowledge, Renounce Religion


You were on level 14 of the Dungeon.
You worshipped Ashenzari.
Ashenzari was extremely pleased with you.
You were not hungry.

You visited 1 branch of the dungeon, and saw 14 of its levels.

You collected 1142 gold pieces.
You spent 500 gold pieces at shops.

Inventory:

Hand Weapons
 r - a cursed +0 dagger of venom (weapon)
Armour
 b - a +0 robe (worn)
 D - a +0 cloak (worn)
Jewellery
 t - a cursed +3 ring of strength (left hand)
 E - a cursed amulet of faith (around neck)
 L - a cursed +3 ring of intelligence (right hand)
 P - an uncursed ring of ice
Wands
 I - a wand of iceblast (8/15)
 N - a wand of digging (8/24)
Scrolls
 a - 4 scrolls of fog {unknown}
 c - a scroll of brand weapon {unknown}
 e - 2 scrolls of immolation {unknown}
 g - 4 scrolls of remove curse
 j - 3 scrolls of enchant armour {unknown}
 m - 7 scrolls of amnesia
 n - 4 scrolls of blinking {unknown}
 o - 14 scrolls of identify
 v - 6 scrolls of teleportation
 y - a scroll of random uselessness {unknown}
 z - a scroll of enchant weapon {unknown}
 A - 2 scrolls of recharging {unknown}
 C - a scroll of noise {unknown}
 F - a scroll of holy word {unknown}
 J - 3 scrolls of magic mapping {unknown}
Potions
 f - 9 potions of curing
 h - 3 potions of mutation {unknown}
 i - 2 potions of might {unknown}
 k - a potion of invisibility {unknown}
 l - 2 potions of brilliance {unknown}
 q - 3 potions of lignification
 s - a potion of ambrosia {unknown}
 u - 3 potions of cancellation {unknown}
 w - 4 potions of flight {unknown}
 x - a potion of haste {unknown}
 B - 4 potions of agility
 H - a potion of magic {unknown}
 K - 2 potions of heal wounds
 O - 2 potions of degeneration {unknown}
Books
 G - a book of Enchantments

   Spells                             Type                      Level
   a - Cause Fear                     Hexes                        4
   b - Yara's Violent Unravelling     Hexes/Transmutation          5
   c - Silence                        Hexes/Air                    5
   d - Deflect Missiles               Charms/Air                   6
   e - Discord                        Hexes                        8
 M - a book of Callings

   Spells                             Type                      Level
   a - Summon Small Mammal            Summoning                    1
   b - Call Imp                       Summoning                    2
   c - Call Canine Familiar           Summoning                    3
   d - Summon Guardian Golem          Hexes/Summoning              3
   e - Summon Lightning Spire         Summoning/Air                4
   f - Summon Ice Beast               Ice/Summoning                4
Comestibles
 d - 6 bread rations
 p - 16 royal jellies


   Skills:
 + Level 6.6 Fighting
 + Level 9.4(13.2) Short Blades
 + Level 12.1 Dodging
 + Level 13.3 Stealth
 * Level 14.2 Spellcasting
 + Level 10.7(14.4) Hexes
 + Level 5.9(10.0) Transmutations
 + Level 4.1(7.8) Air Magic


You had 7 spell levels left.
You knew the following spells:

 Your Spells              Type           Power        Failure   Level  Hunger
a - Corona                Hex            ######.      0%          1    None
b - Ensorcelled Hibernat  Hex/Ice        ######       1%          2    None
c - Confuse               Hex            ######..     1%          3    None
d - Tukima's Dance        Hex            ######..     1%          3    None
e - Dazzling Spray        Conj/Hex       ######       1%          3    None
f - Cause Fear            Hex            ######....   1%          4    None
g - Yara's Violent Unrav  Hex/Tmut       ######....   1%          5    ##.....
h - Summon Lightning Spi  Summ/Air       #####...     6%          4    None
i - Discord               Hex            ######....   50%         8    #######


Dungeon Overview and Level Annotations

Branches:
Dungeon (14/15)            Temple (0/1) D:6            Lair (0/6) D:9
    Orc (0/2) D:9          Vaults (0/5) D:13

Altars:
Ashenzari
Cheibriados
Gozag
Sif Muna
Trog
Uskayaw
Vehumet
Xom
The Shining One

Shops:
D:5 :


Innate Abilities, Weirdness & Mutations

You are very small and have problems with some larger weapons.
You are too small for most types of armour.
You have supernaturally acute eyesight. (SInv)
You are a herbivore.
You cover ground extremely quickly.
You need consume almost no food.


Message History

Aim: a centaur warrior, wielding a shortbow (chance to defeat MR: 66%)
The centaur warrior struggles to resist.
The centaur warrior shoots an arrow.
The arrow hits you!
Casting: Confuse
Confirm with . or Enter, or press ? or * to list all spells.
Aiming: Confuse
Press: ? - help, Shift-Dir - straight line, f/p - centaur warrior
Aim: a centaur warrior, wielding a shortbow (chance to defeat MR: 66%)
The centaur warrior struggles to resist.
The manticore flicks its tail.
The volley of spikes misses you.
The centaur warrior shoots an arrow.
The arrow hits you!
* * * LOW HITPOINT WARNING * * *
Casting: Confuse
Confirm with . or Enter, or press ? or * to list all spells.
Okay, then.
The manticore flicks its tail.
The volley of spikes hits you!
The barbed spikes become lodged in your body.
You die...

# #........)....#....#..# #
#..########...#..>.#..# #
#..#......#...######..#####
#####..#......#...............#
.......#......'<.....c........#
..^....#......#H..............#
.......########...........†..##
...............(.#######.....#
.)............(.@#.....#.....#
...÷.............'.....#.....#
......>..........#.....#.....#
##...............#.....#.....#
.#####...........####+##.....####
.....#..........................#
.....#.....###....#######.......#
.....#.....#.#....#.....#.......#
.....#######.#....'.....#.......#


You could see a manticore.

Vanquished Creatures
  The ghost of Piramida the Basher, a journeyman MiBe of Trog (D:10)
  4 vault guards (D:13)
  4 centaur warriors
  A hydra (D:9)
  6 two-headed ogres
  The ghost of Glalom the Basher, a novice MiFi of Trog (D:8)
  3 unseen horrors
  A deep elf mage (D:14)
  An ugly thing (D:11)
  A manticore (D:14)
  A salamander (shapeshifter) (D:9)
  3 cyclopes
  Psyche (D:9)
  3 gargoyles
  5 trolls
  3 polar bears (D:9)
  A hornet (D:12)
  A wolf spider simulacrum (D:14)
  4 slime creatures (D:12)
  2 hippogriffs
  A shadow (D:14)
  2 water elementals (D:12)
  A wyvern (D:12)
  11 yaks
  A wraith (D:10)
  A basilisk (D:14)
  Grum (D:8)
  6 vampire mosquitoes
  A hungry ghost (D:12)
  3 wargs (D:9)
  A steam dragon (D:10)
  The ghost of Anon1729 the Sneak, an amateur OpFE (D:5)
  A soldier ant (D:11)
  A water moccasin (D:14)
  An acid dragon (D:13)
  Duvessa (D:5)
  5 orc warriors
  5 sky beasts
  A phantom (D:12)
  6 ice beasts
  4 ogres
  3 necrophages
  4 wolves
  13 centaurs
  3 big kobolds
  A wyvern zombie (D:11)
  9 bullfrogs
  A wyvern skeleton (D:13)
  3 scorpions
  Dowan (D:5)
  10 killer bees
  6 electric eels
  A howler monkey (D:10)
  3 crimson imps
  3 centaur zombies
  8 hounds
  7 jellies
  5 orc priests
  5 centaur skeletons
  A bullfrog skeleton (D:12)
  6 iguanas
  16 orc wizards
  Jessica (D:2)
  15 worker ants
  A bullfrog simulacrum (D:9)
  A hound zombie (D:7)
  3 hound skeletons
  A mummy (D:9)
  A howler monkey zombie (D:8)
  6 gnolls
  14 adders
  4 river rats (D:7)
  A hound simulacrum (D:9)
  2 shadow imps (D:14)
  3 white imps (D:9)
  An ufetubus (D:9)
  7 oozes
  2 adder skeletons
  An adder zombie (D:7)
  An adder simulacrum (D:9)
  7 leopard geckos
  45 orcs
  8 bats
  9 giant cockroaches
  9 goblins
  8 hobgoblins
  18 kobolds
  10 quokkas
  A ball python (D:3)
  3 frilled lizards (D:1)
  A giant cockroach zombie (D:5)
  2 leopard gecko skeletons
  6 rats
  A plant (D:7)
404 creatures vanquished.

Vanquished Creatures (collateral kills)
  A yak (D:12)
  A wight (D:13)
  A crimson imp (D:14)
  An orc wizard (D:14)
  2 orcs
6 creatures vanquished.

Vanquished Creatures (others)
  A centaur (D:14)
  A plant (D:7)
2 creatures vanquished.

Grand Total: 412 creatures vanquished

Notes
Turn   | Place    | Note
-------+----------+-------------------------------------------
     0 | D:1      | Klein the Spriggan Enchanter began the quest for the Orb.
     0 | D:1      | Reached XP level 1. HP: 9/9 MP: 5/5
    89 | D:1      | Reached skill level 3 in Spellcasting
   117 | D:1      | Reached XP level 2. HP: 7/13 MP: 7/7
   320 | D:1      | Learned a level 2 spell: Ensorcelled Hibernation
  1633 | D:2      | Reached XP level 3. HP: 16/16 MP: 3/8
  1681 | D:2      | Learned a level 3 spell: Confuse
  1857 | D:2      | Learned a level 3 spell: Tukima's Dance
  1950 | D:2      | Reached skill level 4 in Spellcasting
  2123 | D:2      | Found a deep blue altar of Sif Muna.
  2367 | D:2      | Noticed Jessica
  2375 | D:2      | Killed Jessica
  2375 | D:2      | Reached skill level 5 in Stealth
  2375 | D:2      | Reached XP level 4. HP: 20/21 MP: 11/11
  2841 | D:3      | Found a shattered altar of Ashenzari.
  2847 | D:3      | Became a worshipper of Ashenzari the Shackled
  3201 | D:3      | Noticed a big kobold
  3233 | D:3      | Reached XP level 5. HP: 24/24 MP: 7/12
  4221 | D:3      | Reached skill level 5 in Spellcasting
  4221 | D:3      | Reached XP level 6. HP: 23/28 MP: 14/14
  4265 | D:3      | Reached skill level 5 in Hexes
  4746 | D:4      | Reached * piety under Ashenzari
  4887 | D:4      | Reached XP level 7. HP: 13/32 MP: 16/16
  5448 | D:5      | Entered Level 5 of the Dungeon
  5685 | D:5      | Reached skill level 6 in Spellcasting
  5707 | D:5      | Found an opulent altar of Gozag.
  5709 | D:5      | Found Unulag's Book Shop.
  5734 | D:5      | Reached skill level 5 in Dodging
  5905 | D:5      | Noticed Anon1729's ghost (amateur OpFE)
  5940 | D:5      | Killed Anon1729's ghost
  5940 | D:5      | Reached skill level 1 in Fighting
  6901 | D:5      | Noticed Duvessa
  6901 | D:5      | Noticed Dowan
  6915 | D:5      | Killed Dowan
  7095 | D:5      | Found a hide-covered altar of Uskayaw.
  7148 | D:5      | Reached XP level 8. HP: 37/37 MP: 19/19
  7168 | D:5      | Reached skill level 7 in Spellcasting
  7330 | D:5      | Killed Duvessa
  7719 | D:6      | Found a glowing golden altar of the Shining One.
  7893 | D:6      | Reached skill level 8 in Spellcasting
  7900 | D:6      | Reached ** piety under Ashenzari
  8152 | D:6      | Found a staircase to the Ecumenical Temple.
  8310 | D:7      | Reached XP level 9. HP: 43/43 MP: 19/22
  8474 | D:7      | Reached skill level 5 in Short Blades
  8580 | D:7      | Found a glowing golden altar of the Shining One.
  8832 | D:7      | Learned a level 3 spell: Dazzling Spray
  9507 | D:7      | Found a radiant altar of Vehumet.
  9532 | D:7      | Found a bloodstained altar of Trog.
  9532 | D:7      | Found an opulent altar of Gozag.
  9763 | D:8      | Noticed Glalom's ghost (novice MiFi)
  9780 | D:8      | Killed Glalom's ghost
  9780 | D:8      | Reached skill level 9 in Spellcasting
  9917 | D:8      | Noticed Grum
  9922 | D:8      | Killed Grum
 10185 | D:8      | Reached *** piety under Ashenzari
 10938 | D:5      | Bought a book of Enchantments for 500 gold pieces
 11059 | D:9      | Noticed Psyche
 11070 | D:9      | Noticed a troll
 11090 | D:9      | Killed Psyche
 11090 | D:9      | Reached XP level 10. HP: 47/47 MP: 20/24
 11102 | D:9      | Found a staircase to the Orcish Mines.
 11114 | D:9      | Reached skill level 10 in Spellcasting
 11335 | D:9      | Got the uncursed pair of boots of Fasip {+Blink rPois rF- Regen+ Str+5}
 11410 | D:9      | Reached skill level 10 in Stealth
 11878 | D:9      | Noticed a salamander
 11878 | D:9      | Noticed an eight-headed hydra
 11885 | D:9      | Killed an eight-headed hydra
 11885 | D:9      | Reached skill level 11 in Spellcasting
 11895 | D:9      | Killed a salamander
 12079 | D:9      | Found a staircase to the Lair.
 12235 | D:9      | Reached XP level 11. HP: 34/52 MP: 10/27
 12323 | D:9      | Learned a level 4 spell: Cause Fear
 12329 | D:9      | Learned a level 5 spell: Yara's Violent Unravelling
 13031 | D:9      | Found a snail-covered altar of Cheibriados.
 13074 | D:10     | Entered Level 10 of the Dungeon
 13343 | D:10     | Noticed a two-headed ogre
 13376 | D:10     | Killed a two-headed ogre
 13562 | D:10     | Reached **** piety under Ashenzari
 13567 | D:10     | Noticed an unseen horror
 13584 | D:10     | Killed an unseen horror
 13584 | D:10     | Reached skill level 5 in Fighting
 13635 | D:10     | Noticed Piramida's ghost (journeyman MiBe)
 13759 | D:10     | Killed Piramida's ghost
 13766 | D:10     | Reached skill level 10 in Dodging
 14046 | D:9      | Reached skill level 12 in Spellcasting
 15169 | D:11     | Learned a level 4 spell: Summon Lightning Spire
 15360 | D:11     | Noticed a red ugly thing
 15365 | D:11     | Killed a red ugly thing
 15365 | D:11     | Reached skill level 1 in Transmutations
 15376 | D:11     | Reached skill level 1 in Air Magic
 15956 | D:12     | Noticed a two-headed ogre
 15975 | D:12     | Killed a two-headed ogre
 16371 | D:12     | Reached XP level 12. HP: 58/58 MP: 29/29
 16689 | D:12     | Noticed a two-headed ogre
 17123 | D:12     | Killed a two-headed ogre
 17235 | D:12     | Reached skill level 13 in Spellcasting
 18080 | D:12     | Reached skill level 10 in Hexes
 18244 | D:13     | Found a gate to the Vaults.
 18244 | D:13     | Noticed a vault guard
 18244 | D:13     | Noticed a vault guard
 18244 | D:13     | Noticed a vault guard
 18244 | D:13     | Noticed a vault guard
 18273 | D:13     | Killed a vault guard
 18415 | D:13     | Reached ***** piety under Ashenzari
 18417 | D:13     | Noticed a centaur warrior
 18431 | D:13     | Killed a centaur warrior
 18508 | D:13     | Killed a vault guard
 18935 | D:13     | Killed a vault guard
 18950 | D:13     | Reached skill level 5 in Transmutations
 18965 | D:13     | Noticed a centaur warrior
 18973 | D:13     | Killed a centaur warrior
 19604 | D:13     | Killed a vault guard
 19604 | D:13     | Reached XP level 13. HP: 63/63 MP: 19/31
 20083 | D:14     | Reached skill level 14 in Spellcasting
 20124 | D:14     | Learned a level 8 spell: Discord
 20320 | D:14     | Found a shimmering altar of Xom.
 21075 | D:14     | Killed from afar by a manticore

Skill      XL: |  1  2  3  4  5  6  7  8  9 10 11 12 13 |
---------------+----------------------------------------+-----
Spellcasting   | 3 4 5 6 8 9 11 12 13 14 | 14.2
Hexes          | 4 5 6 7 8 9 10 | 10.7
Stealth        | 5 6 8 9 10 11 12 13 | 13.3
Short Blades   | 2 3 4 6 7 8 9 |  9.4
Dodging        | 4 5 7 8 9 10 11 12 | 12.1
Fighting       | 1 2 3 4 5 6 |  6.6
Transmutations | 2 5 |  5.9
Air Magic      | 1 3 4 |  4.1

Action                   |  1- 3 |  4- 6 |  7- 9 | 10-12 | 13-15 || total
-------------------------+-------+-------+-------+-------+-------++-------
Melee: Dagger            |   152 |   199 |   480 |   591 |    90 ||  1512
 Cast: Corona            |     5 |     1 |     1 |     1 |       ||     8
       Ensorcelled Hiber |    10 |    15 |    14 |    57 |     2 ||    98
       Confuse           |       |     3 |    51 |   135 |    20 ||   209
       Dazzling Spray    |       |       |     1 |    27 |     8 ||    36
       Yara's Violent Un |       |       |       |     7 |       ||     7
       Tukima's Dance    |       |       |       |     3 |       ||     3
       Cause Fear        |       |       |       |     1 |     2 ||     3
       Summon Lightning  |       |       |       |     2 |     4 ||     6
Invok: Curse Item        |       |     1 |     2 |     1 |       ||     4
       Scrying           |       |       |     1 |     3 |       ||     4
  Use: Scroll            |       |       |     4 |       |       ||     4
 Stab: Sleeping          |    15 |    18 |    29 |    50 |    11 ||   123
       Confused          |       |     6 |    27 |   101 |    11 ||   145
       Distracted        |       |       |       |     2 |       ||     2
       Invisible         |       |       |       |     4 |     1 ||     5
  Eat: Royal jelly       |       |     1 |     3 |       |       ||     4
       Bread ration      |       |       |       |     2 |       ||     2
Armor: Robe              |    24 |    17 |     6 |    10 |     4 ||    61
Dodge: Dodged            |   130 |   154 |   216 |   284 |    65 ||   849
